 Dungeon Crawl Stone Soup version 0.28.0-47-ge53b351184 (webtiles) character file.

Game seed: 12141146241749769099

66 101zpm the Magician (level 4, -1/31 HPs)
             Began as a Djinni Fire Elementalist on May 10, 2022.
             Slain by a black bear (4 damage)
             ... on level 1 of the Dungeon.
             The game lasted 00:01:35 (868 turns).

101zpm the Magician (Djinni Fire Elementalist)       Turns: 868, Time: 00:01:37

Health: -1/31      AC:  2    Str:  7    XL:     4   Next: 37%
Gold:   33         EV: 12    Int: 19    God:
                   SH:  0    Dex: 13

rFire   + + .      SeeInvis .   (no weapon)
rCold   x . .      Faith    .   (no shield)
rNeg    . . .      Spirit   .   a - +0 robe
rPois   ∞          Reflect  .   (no helmet)
rElec   .          Harm     .   (no cloak)
rCorr   .          Rampage  .   (no gloves)
Will    .....                   (boots unavailable)
Stlth   ++........              (no amulet)
HPRegen 0.10/turn               (no ring)
MPRegen 0.00/turn               (no ring)

@: flying
A: sickness immunity, fire resistance 2, cold vulnerability 1, float, innate
caster, HP casting, extra vitality 1
a: no special abilities


You were on level 1 of the Dungeon.
You visited 1 branch of the dungeon, and saw 4 of its levels.

You collected 33 gold pieces.

Inventory:

Armour
 a - a +0 robe (worn)
Jewellery
 b - a ring of positive energy
Scrolls
 c - 2 scrolls of immolation {unknown}
Potions
 d - a potion of invisibility {unknown}


   Skills:
 + Level 2.4 Dodging
 + Level 1.9 Stealth
 + Level 3.6 Spellcasting


You couldn't memorise any spells.
You knew the following spells:

 Your Spells              Type           Power      Damage    Failure   Level
a - Foxfire               Conj/Fire      68%        2x1d7     3%          1
b - Scorch                Fire           34%        2d6       4%          2
c - Conjure Flame         Conj/Fire      17%        6-21      10%         3
d - Inner Flame           Hex/Fire       17%        N/A       10%         3
e - Flame Wave            Conj/Fire      17%        2d6       32%         4
f - Shock                 Conj/Air       68%        1d7       3%          1
Your spell library was empty.

Dungeon Overview and Level Annotations

Branches:
Dungeon (4/15)
 Temple: D:4-7

Altars:


Innate Abilities, Weirdness & Mutations

You are immune to sickness and miasma.
You are immune to poison.
Your flesh is very heat resistant. (rF++)
You are vulnerable to cold. (rC-)
You float through the air rather than walking.
You learn spells naturally, not from books.
Your magical power is your life essence.
You have superior vitality. (+4 MHP)


Message History

A goblin comes into view. It is wielding a +0 club.
The goblin shouts!
An endoplasm comes into view.
The endoplasm quivers.
There is a stone staircase leading up here.
There is an open door here.
You see here a scorpion corpse.
There is a stone staircase leading up here.
The black bear bites you but does no damage.
The black bear claws you but does no damage.
The black bear claws you.
You fly upwards.
There is a stone staircase leading down here.
There is a stone staircase leading up here.
The black bear barely misses you. The black bear claws you.
The black bear claws you but does no damage.
You fly upwards.
There is a stone staircase leading down here.
There is a stone staircase leading up here.
The black bear bites you. The black bear claws you. x2
You fly upwards.
There is a stone staircase leading down here.
The black bear bites you. The black bear claws you. x2
* * * LOW HITPOINT WARNING * * *
Casting: Foxfire (safe; 3% risk of failure)
Confirm with . or Enter, or press ? or * to list all spells.
Flames lash the black bear.
The black bear is lightly wounded.
The black bear's fire resistance burns away.
* * * LOW HITPOINT WARNING * * *
The black bear closely misses you. The black bear claws you.
* * * LOW HITPOINT WARNING * * *
The black bear barely misses you.
Casting: Scorch (safe; 4% risk of failure)
Confirm with . or Enter, or press ? or * to list all spells.
Flames lash the black bear.
The black bear is burned terribly!
The black bear is heavily wounded.
* * * LOW HITPOINT WARNING * * *
The black bear barely misses you. The black bear claws you.
You die...

#####.......# #.......###
#.........# ####.........#
#............# #+###+#
#............# ..##.#
#............# #.##.#
#..........).###########.##.#
#...........@h............#.#
#.......######..........#.#.#
######### #..........#...#
#..........+....
#..........##..#
#..........+....
#..8.8.....###.# #.....8.####
#.# #......#######.#


You could see a black bear (combustible).

Vanquished Creatures
  A scorpion (D:4)
  A worm (D:2)
  A ball python (D:2)
  An endoplasm (D:2)
  A goblin (D:1)
  2 hobgoblins
7 creatures vanquished.

Vanquished Creatures (others)
  71 foxfires
71 creatures vanquished.

Grand Total: 78 creatures vanquished

Notes
Turn   | Place    | Note
-------+----------+-------------------------------------------
     0 | D:1      | 101zpm the Djinni Fire Elementalist began the quest for the
                  | Orb.
     0 | D:1      | Reached XP level 1. HP: 15/15 MP: 0/0
    26 | D:1      | Noticed a wolf
    26 | D:1      | Noticed a polar bear
    27 | D:1      | Noticed a water moccasin
    27 | D:1      | Noticed a lindwurm
   266 | D:2      | Reached XP level 2. HP: 14/21 MP: 0/0
   652 | D:4      | Noticed a scorpion
   656 | D:4      | Killed a scorpion
   657 | D:4      | Reached skill level 3 in Spellcasting
   657 | D:4      | Reached XP level 3. HP: 18/25 MP: 0/0
   657 | D:4      | Learned a level 1 spell: Shock
   657 | D:4      | Reached XP level 4. HP: 23/31 MP: 0/0
   791 | D:4      | Noticed a scorpion
   791 | D:4      | Noticed a black bear
   868 | D:1      | Slain by a black bear

Illustrated notes

Levels and vault maps discovered:
D:1:      onia_arrival_zoo_common, layout_basic,
          shapermc_ecumenical_altar_pompeii
D:2:      layout_rooms, uniq_terence
D:3:      layout_loops_ring, grunt_ministairs_9, roderic_batcave,
          solitary_fountain, chequers_serial_rivers_small_3, due_unseen_surprise
D:4:      layout_gridville, minmay_fractal_squares_gapless_5

Skill      XL: |  1  2 |
---------------+-------+-----
Spellcasting   | 3 |  3.6
Dodging        | |  2.4
Stealth        | |  1.9

Action                   |  1- 3 |  4- 6 || total
-------------------------+-------+-------++-------
 Cast: Foxfire           |    35 |     4 ||    39
       Scorch            |     2 |     2 ||     4
Armor: Robe              |       |     3 ||     3
Dodge: Dodged            |       |     4 ||     4
